[Event "MČR juniorů a juniorek v rapid šachu 2024"]
[Site "Hotel Fit Fun, Harrachov, Czech Republic"]
[Date "2024.09.21"]
[Round "5.11"]
[White "Hosova Sandra"]
[Black "Pressler Tobias"]
[Result "0-1"]
[TimeControl "20+5"]
[WhiteFideId "397717"]
[BlackFideId "23715359"]
[WhiteElo "1847"]
[BlackElo "1992"]

1. d4 d5 2. Nf3 Nf6 3. e3 g6 4.
b3 Bg7 5. Bb2 O-O 6. Nbd2 Nbd7 7. Bd3 c5 8. O-O b6 9. Ne5 Bb7 10. f4 Qc8 11. Qe1 Ba6 12. Rc1 Bxd3 13. cxd3 Qa6 14.
a3 Nxe5 15. dxe5 Nd7 16. d4 Rac8 17. dxc5 bxc5 18. Nf3 Nb6 19. Qh4 e6 20. Rf2 Qd3 21. Rc3 Qa6 22. Rfc2 c4 23. b4 Na4 24.
Nd4 f6 25. Qh3 Rce8 26. b5 Qb6 27. Bc1 fxe5 28. fxe5 Bxe5 29. Qh4 Nxc3 30. Rxc3 Bxd4 31. exd4 e5 32. Rh3 Qxd4+ 33. Kh1 Rf1# 0-1



[ePGN "0.1;DGT LiveChess/2.2.6"]

[Event "MČR juniorů a juniorek v rapid šachu 2024"]
[Site "Hotel Fit Fun, Harrachov, Czech Republic"]
[Date "2024.09.21"]
[Round "5.12"]
[White "Juhanak Daniel"]
[Black "Garabik Marek"]
[Result "1/2-1/2"]
[TimeControl "20+5"]
[WhiteFideId "23718765"]
[BlackFideId "23717742"]
[WhiteElo "1982"]
[BlackElo "1933"]

1. Nf3 e6 2. c4 d5 3. g3 Nf6 4.
Bg2 Be7 5. O-O O-O 6. d4 Ne4 7.
Nc3 f5 8. Qb3 c6 9. Ne5 Nd7 10. cxd5 Nxe5 11. Nxe4 fxe4 12. d6 Qxd6 13. dxe5 Qxe5 14. Bf4 Qd5 15. Qc2 Qc5 16. Qxe4 Bf6 17.
Rad1 e5 18. Be3 Qb5 19. Qc2 Be6 20. Be4 h6 21. b3 Rad8 22. Rxd8 Rxd8 23. Rd1 Qa5 24. Rxd8+ Bxd8 25. Bd2 Qc7 26.
Bc3 Bf6 27. Qd2 Qd7 28. Qxd7 Bxd7 29. b4 Be6 30. a4 Bd5 31. f3 Bxe4 32.
fxe4 h5 33. Kf2 Kf7 34. Ke3 Ke6 35. Kd3 g5 36. Ke3 g4 37.
Kf2 Bg5 38. Kg2 Be3 39. h3 b6 40. hxg4 hxg4 41. Kh2 c5 42. bxc5 bxc5 43. Kg2 a6 44. Kf1 Bd4 45. Ba5 c4 46. Ke1 Kd6 47. Bb4+ Kc6 48. Ba5 Kc5 49. Bc7 Kb4 50. Kd2 Kxa4 51. e3 Bb2 52. Kc2 Ba1 53.
Kb1 Bc3 54. Kc2 Ba1 55. Kb1 Bc3 56. Kc2 Ba1 1/2-1/2



[ePGN "0.1;DGT LiveChess/2.2.6"]

[Event "MČR juniorů a juniorek v rapid šachu 2024"]
[Site "Hotel Fit Fun, Harrachov, Czech Republic"]
[Date "2024.09.21"]
[Round "5.13"]
[White "Sulcova Tereza Radmila"]
[Black "Koranda Kosma"]
[Result "1-0"]
[TimeControl "20+5"]
[WhiteFideId "395196"]
[BlackFideId "23772948"]
[WhiteElo "1800"]
[BlackElo "1884"]

1. b3 d5 2. Bb2 c5 3. e3 Nf6 4.
Nf3 g6 5. Bxf6 exf6 6. d4 cxd4 7. Nxd4 Nc6 8. Bb5 Qc7 9. O-O Bg7 10. Nc3 Be6 11. Qf3 a6 12. Bxc6+ bxc6 13. Rad1 O-O 14.
e4 Qd7 15. h3 dxe4 16. Nxe4 Bf5 17. Nc5 Qd5 18. Qxd5 cxd5 19. Nxf5 gxf5 20. Rxd5 f4 21. Rf5 Rfc8 22. c4 a5 23.
Nd7 Ra6 24. Rd1 Rd8 25. Rdd5 a4 26. Nc5 Rxd5 27. Rxd5 axb3 28. axb3 Ra1+ 29. Kh2 Bh6 30. Rf5 Bg5 31. Ne4 h6 32. Nxf6+ Kg7 33. Ne4 f6 34. Nxg5 hxg5 35.
b4 Ra2 36. f3 Rc2 37. Rc5 Kg6 38. b5 f5 39. b6 g4 40. hxg4 fxg4 41. fxg4 f3 42. Kg1 Rxg2+ 43. Kf1 Re2 44.
b7 Re8 45. Rc8 Re4 46. b8=Q Rxg4 47. Rg8+ Kf5 48. Qc8+ 1-0



[ePGN "0.1;DGT LiveChess/2.2.6"]

[Event "MČR juniorů a juniorek v rapid šachu 2024"]
[Site "Hotel Fit Fun, Harrachov, Czech Republic"]
[Date "2024.09.21"]
[Round "5.14"]
[White "Sknouril Jakub"]
[Black "Ret Adam Josef"]
[Result "1-0"]
[TimeControl "20+5"]
[WhiteFideId "23731133"]
[BlackFideId "384240"]
[WhiteElo "1806"]
[BlackElo "2038"]

1. Nf3 d5 2. c4 e6 3. Nc3 d4 4. Ne4 Be7 5. e3 c5 6. d3 Nf6 7. Ng3 Nc6 8. Be2 O-O 9. O-O b6 10.
a3 a5 11. exd4 Nxd4 12. Be3 Bb7 13. Bxd4 cxd4 14. Qd2 Qd6 15. b3 g6 16. Ng5 Kg7 17. Bf3 Bxf3 18. Nxf3 h6 19. Rfe1 Nd7 20.
Ne4 Qc7 21. Nxd4 Rad8 22. Nb5 Qc6 23. Nd4 Qc7 24. Qc3 Kh7 25. Nb5 Qc6 26. d4 Nf6 27. Qf3 Nxe4 28. Qxe4 Qxe4 29. Rxe4 Rd7 30. Rae1 Bf6 31. b4 axb4 32.
axb4 Rfd8 33. c5 Rd5 34. g3 Bxd4 35. Nxd4 Rxd4 36. c6 R4d5 37. Rc4 Rc8 38. Rec1 Kg7 39. Ra1 b5 40. Rc2 Rd4 41. Rb1 Rd6 42.
c7 Rd7 43. Rbc1 Rd4 1-0



[ePGN "0.1;DGT LiveChess/2.2.6"]

[Event "MČR juniorů a juniorek v rapid šachu 2024"]
[Site "Hotel Fit Fun, Harrachov, Czech Republic"]
[Date "2024.09.21"]
[Round "5.15"]
[White "Stocek Martin"]
[Black "Housa Jan"]
[Result "1-0"]
[TimeControl "20+5"]
[WhiteFideId "380121"]
[BlackFideId "23736356"]
[WhiteElo "2021"]
[BlackElo "1788"]

1. d4 Nf6 2. c4 g6 3. Nc3 d5 4.
Nf3 Bg7 5. Qb3 c6 6. cxd5 cxd5 7.
Bg5 e6 8. e3 O-O 9. Bd3 Nc6 10. O-O h6 11. Bh4 b6 12. Ne5 g5 13. Bg3 Bb7 14. Rac1 Rc8 15. Nb5 a6 16. Nxc6 Rxc6 17.
Rxc6 Bxc6 18. Nc3 b5 19. Be5 Ne4 20. Bxg7 Kxg7 21. Bxe4 dxe4 22. Qc2 Qa8 23. a3 Rc8 24. Qd1 Bd5 25.
Qg4 Qc6 26. h4 f5 27. Qg3 g4 28. Qe5+ Kg6 29. Ne2 Qc7 30. Qxc7 Rxc7 31. Nc3 Kf7 32. Kh2 Ke7 33. Kg3 Kd6 34. Kf4 Bc4 35. Rc1 Bd3 36. Rd1 Be2 37. Rd2 Bd3 38.
Na2 a5 39. Nc3 Rc6 40. f3 b4 41. axb4 axb4 42. Na4 Rc2 43. Rxc2 Bxc2 44. Nb6 exf3 45. gxf3 b3 46. fxg4 fxg4 47. Kxg4 Kc6 48. Nc4 Kd5 49.
Nd2 Bd1+ 50. Kf4 Bc2 51. Kf3 Bd1+ 52. Kf2 e5 53. dxe5 Kxe5 54. Ke1 Bc2 55. Ke2 Kf5 56. Kf3 Bd1+ 57. Kg3 h5 58. e4+ Ke5 59. Kf2 Bc2 60. Ke3 Bd1 61. Nc4+ Ke6 62. Kf4 Kf6 63. Ne3 Bc2 64.
Nf5 Bd1 65. Nd4 Bc2 66. e5+ Kg6 67. Ke3 Bd1 68. Ke4 1-0



[ePGN "0.1;DGT LiveChess/2.2.6"]

[Event "MČR juniorů a juniorek v rapid šachu 2024"]
[Site "Hotel Fit Fun, Harrachov, Czech Republic"]
[Date "2024.09.21"]
[Round "5.16"]
[White "Stastna Martina"]
[Black "Stejskal Michal"]
[Result "0-1"]
[TimeControl "20+5"]
[WhiteFideId "385123"]
[BlackFideId "398195"]
[WhiteElo "1801"]
[BlackElo "1926"]

1. e4 e5 2. Nf3 Nc6 3. Bb5 f5 4. d3 d6 5. O-O Nf6 6. Nc3 a6 7. Ba4 Be7 8. a3 O-O 9. Bb3+ Kh8 10. Nd5 f4 11. Nxf6 Bxf6 12. h3 Qe8 13. Nh2 Bd8 14. c3 g5 15. Bc2 Kg7 16. d4 h5 17. f3 Bf6 18. d5 Ne7 19. c4 Bd7 20. b4 Qg6 21. c5 Rh8 22. Ba4 Bxa4 23.
Qxa4 g4 24. hxg4 hxg4 25. Nxg4 Qh5 26. Kf2 Qh4+ 27. Ke2 Qg3 28. Nxf6 Kxf6 29. Qd7 Ng6 30. cxd6 cxd6 31. Qxd6+ Kg5 32. Bb2 Rac8 33. Rac1 Rxc1 34. Bxc1 Rc8 35. Qe6 Qxg2+ 36. Rf2 Rc2+ 37. Bd2 Rxd2+ 38. Kxd2 Qxf2+ 39. Kc1 Qe3+ 40. Kb1 Qxf3 41. Qf5+ Kh6 42.
d6 Qd3+ 43. Ka2 Qxd6 44. Qh3+ Kg7 45. Qf5 Qe7 46. Kb2 Qf7 47. Qg4 f3 0-1



[ePGN "0.1;DGT LiveChess/2.2.6"]

[Event "MČR juniorů a juniorek v rapid šachu 2024"]
[Site "Hotel Fit Fun, Harrachov, Czech Republic"]
[Date "2024.09.21"]
[Round "5.17"]
[White "Andrle Filip"]
[Black "Pejrimovsky Tadeas Rubel"]
[Result "1-0"]
[TimeControl "20+5"]
[WhiteFideId "23718749"]
[BlackFideId "23709537"]
[WhiteElo "1789"]
[BlackElo "1895"]

1. e4 c5 2. Nc3 e6 3. Nf3 a6 4.
d4 cxd4 5. Nxd4 d6 6. Be2 Nf6 7. O-O Be7 8. a4 O-O 9. Be3 Nc6 10. Nxc6 bxc6 11. a5 c5 12. Bf3 Bb7 13. Qd2 Qc7 14. e5 dxe5 15. Bxb7 Qxb7 16. Na4 Rac8 17. Qc3 Nd5 18.
Qxe5 Nxe3 19. Qxe3 Rfd8 20. Rfd1 Qc6 21. Nb6 Rxd1+ 22. Rxd1 Rd8 23. Rxd8+ Bxd8 24. Qd3 Bxb6 25. Qxa6 Qd7 26. axb6 Qd1+ 27. Qf1 Qd6 28.
b7 Qb6 29. Qa6 Qd8 30. Qa8 1-0



[ePGN "0.1;DGT LiveChess/2.2.6"]

[Event "MČR juniorů a juniorek v rapid šachu 2024"]
[Site "Hotel Fit Fun, Harrachov, Czech Republic"]
[Date "2024.09.21"]
[Round "5.18"]
[White "Hrazdira Matyas Josef"]
[Black "Zadrapova Amalie"]
[Result "1-0"]
[TimeControl "20+5"]
[WhiteFideId "23732954"]
[BlackFideId "23710276"]
[WhiteElo "1786"]
[BlackElo "1891"]

1. e4 c5 2. Nf3 d6 3.
d4 cxd4 4. Nxd4 Nf6 5. Nc3 a6 6. f3 e5 7. Nb3 Be6 8. Be3 Be7 9. Qd2 b5 10. Nd5 Bxd5 11. exd5 O-O 12. a4 bxa4 13.
Rxa4 Qc7 14. Be2 Qb7 15. Bc4 Rc8 16. Rb4 Qd7 17. Qd3 Nh5 18. O-O Nf4 19. Bxf4 exf4 20. Ra1 f5 21. Nd4 g6 22.
Ne6 Qa7+ 23. Kh1 Qe3 24. Qxe3 fxe3 25. Re1 a5 26. Ra4 Nd7 27. Bd3 Nb6 28. Ra3 Nxd5 29. c3 Kf7 30. Nd4 Nf4 31.
Be2 Bf6 32. Nb5 Be7 33. g3 Nxe2 34. Rxe2 d5 35. Ra4 Bc5 36. Kg2 Re8 37. Nc7 Bb6 38. Nxa8 Rxa8 39. b4 Rc8 40. bxa5 Ba7 41.
Ra3 Ke6 42. f4 Kd6 43. Kf3 Rc4 44. a6 Kc6 45.
Rb2 1-0



[ePGN "0.1;DGT LiveChess/2.2.6"]

[Event "MČR juniorů a juniorek v rapid šachu 2024"]
[Site "Hotel Fit Fun, Harrachov, Czech Republic"]
[Date "2024.09.21"]
[Round "5.19"]
[White "Stary Simon"]
[Black "Sadil Antonin"]
[Result "0-1"]
[TimeControl "20+5"]
[WhiteFideId "23734353"]
[BlackFideId "23735597"]
[WhiteElo "1866"]
[BlackElo "1784"]

1. e4 c5 2. Nf3 d6 3. d4 cxd4 4. Nxd4 Nf6 5. Nc3 g6 6. Be3 Bg7 7. f3 O-O 8. Qd2 Nc6 9. O-O-O d5 10. exd5 Nxd5 11. Nxc6 bxc6 12.
Bd4 e5 13. Bc5 Re8 14. Ne4 Qc7 15.
Bc4 Be6 16. Bb3 a5 17. a4 Rad8 18. Qf2 Ra8 19. Kb1 Nf4 20. Bxe6 Nxe6 21. Bb6 Qe7 22. g4 Qb4 23. c3 Qxa4 24.
Rd7 c5 25. Rhd1 Rab8 26. Nxc5 Nxc5 27. Qxc5 Bf8 28. Qxa5 Qb3 29. Rd8 Rxb6 30. Qxb6 Qxb6 31. Rxe8 Kg7 32. Rxe5 Qb7 33. Re4 Be7 34.
Rde1 Bf6 35. R1e3 Qd5 36. Kc2 Qa5 37. f4 h6 38. h3 Qa6 39. f5 Bg5 40. Re2 gxf5 41. gxf5 Qb5 42. h4 Bf6 43. Rf2 Kh7 44. Rf3 Qc6 45.
Rfe3 Qd5 46. Re2 Qxf5 47. b4 Bxh4 48. Kb3 Qd5+ 49. c4 Qd1+ 50. Ka3 Bf6 51. R4e3 Qa1+ 52. Kb3 Qd1+ 53. Ka3 Qd4 54.
c5 Qa1+ 55. Kb3 Bd4 56. Re4 Qc3+ 57.
Ka4 Bxc5 58. Kb5 Bxb4 0-1



[ePGN "0.1;DGT LiveChess/2.2.6"]

[Event "MČR juniorů a juniorek v rapid šachu 2024"]
[Site "Hotel Fit Fun, Harrachov, Czech Republic"]
[Date "2024.09.21"]
[Round "5.2"]
[White "Lihotsky Lukas"]
[Black "Rousek Jan"]
[Result "1/2-1/2"]
[TimeControl "20+5"]
[WhiteFideId "23727004"]
[BlackFideId "386669"]
[WhiteElo "1975"]
[BlackElo "1958"]

1. d4 Nf6 2. c4 g6 3. Nc3 d5 4. cxd5 Nxd5 5. e4 Nxc3 6. bxc3 Bg7 7. Bc4 c5 8. Ne2 Nc6 9. Be3 O-O 10. O-O cxd4 11. cxd4 b6 12. Qd2 Bb7 13. Rac1 Rc8 14.
Rfd1 Na5 15. Bd3 Qd7 16. Bh6 Rxc1 17. Rxc1 Rc8 18. Bxg7 Kxg7 19. f3 Rxc1+ 20. Qxc1 Qc8 21. Qb2 Ba6 22.
Bxa6 Qxa6 23. d5+ f6 24. Nd4 Qd3 25. Ne6+ Kf7 26. h3 Nc4 27. Qb5 Ne5 28. Nd8+ Kf8 29. Ne6+ Kf7 30. Nd8+ Kf8 31.
Ne6+ 1/2-1/2



[ePGN "0.1;DGT LiveChess/2.2.6"]

[Event "MČR juniorů a juniorek v rapid šachu 2024"]
[Site "Hotel Fit Fun, Harrachov, Czech Republic"]
[Date "2024.09.21"]
[Round "5.20"]
[White "Nagyova Daniela"]
[Black "Husa Daniel"]
[Result "1-0"]
[TimeControl "20+5"]
[WhiteFideId "390070"]
[BlackFideId "393487"]
[WhiteElo "1787"]
[BlackElo "1866"]

1. e4 c5 2. Nf3 e6 3. d4 cxd4 4. Nxd4 Nf6 5. Nc3 Nc6 6. Be2 Bb4 7. O-O O-O 8. Nxc6 bxc6 9. e5 Nd5 10.
Ne4 Qc7 11. Nd6 f6 12. c4 Nb6 13. a3 Bxd6 14. exd6 Qd8 15. b4 Bb7 16. Be3 Qe8 17. a4 Qf7 18. a5 Nc8 19. a6 Rb8 20.
axb7 Rxb7 21. b5 cxb5 22. cxb5 Re8 23. Qd3 Qf8 24. Bf3 Rb8 25. Bxa7 Nxa7 26. Rxa7 Red8 27. Rfa1 Rb6 28. R1a6 Rdb8 29.
Rxb6 Rxb6 30. Rxd7 Qc8 31. Rc7 Qd8 32. d7 Rb8 33. b6 Kf7 34. Qd6 g6 35. b7 1-0



[ePGN "0.1;DGT LiveChess/2.2.6"]

[Event "MČR juniorů a juniorek v rapid šachu 2024"]
[Site "Hotel Fit Fun, Harrachov, Czech Republic"]
[Date "2024.09.21"]
[Round "5.21"]
[White "Fousek Petr"]
[Black "Martinkovic Adam"]
[Result "0-1"]
[TimeControl "20+5"]
[WhiteFideId "23736003"]
[BlackFideId "23728019"]
[WhiteElo "1731"]
[BlackElo "1841"]

1. e4 c6 2. d4 d5 3. e5 Bf5 4.
h4 h5 5.
Bd3 Bxd3 6. Qxd3 e6 7. Nf3 c5 8. c3 Nc6 9. a3 Nh6 10. b4 c4 11. Qc2 b5 12. a4 a6 13. Bg5 Be7 14.
Nbd2 Nf5 15. g3 f6 16. exf6 gxf6 17. Bf4 Kf7 18. a5 Bd6 19. Bxd6 Qxd6 20. O-O-O Ke7 21. Rde1 Kd7 22. Re2 Rae8 23.
Rhe1 Nd8 24. Nf1 Qf8 25. Ne3 Nxe3 26. Rxe3 Qf7 27. R3e2 Re7 28. Qd2 Qg6 29. Qf4 Qh6 30. Qxh6 Rxh6 31.
Nd2 Rg6 32. Nf1 Rgg7 33. Ne3 Rgf7 34. Ng2 Kd6 35. Nf4 Rh7 36. Ng6 Ref7 37. Kd2 Rh6 38. Nf4 Re7 39. Re3 Rhh7 40. R1e2 Rh6 41.
Ke1 e5 42. Kf1 Nc6 43. dxe5+ fxe5 44. Nh3 Rh8 45. Ng5 Rhe8 46. Rf3 Kc7 47. Rf6 d4 48. cxd4 exd4 49. Ne6+ Kc8 50. Nf4 Nxb4 51.
Rd6 Rxe2 52. Nxe2 Rd8 53. Rxd4 Rxd4 54. Nxd4 Kd7 55. Ke2 Kd6 56. f4 Kd5 57. Ke3 c3 58. f5 Ke5 59. g4 hxg4 60.
h5 c2 61. Nxc2 Nxc2+ 62. Kd2 Kxf5 63. Kxc2 Kg5 64. h6 Kxh6 65.
Kd3 Kh5 66. Ke3 Kh4 0-1



[ePGN "0.1;DGT LiveChess/2.2.6"]

[Event "MČR juniorů a juniorek v rapid šachu 2024"]
[Site "Hotel Fit Fun, Harrachov, Czech Republic"]
[Date "2024.09.21"]
[Round "5.22"]
[White "Urbansky Stepan"]
[Black "Hyam Robin"]
[Result "1/2-1/2"]
[TimeControl "20+5"]
[WhiteFideId "23761741"]
[BlackFideId "23773413"]
[WhiteElo "1837"]
[BlackElo "1571"]

1. e4 c5 2. Nf3 d6 3. d4 cxd4 4. Nxd4 Nf6 5. Nc3 g6 6. Be3 Bg7 7. f3 O-O 8. Qd2 Nc6 9. O-O-O d5 10. Nxc6 bxc6 11. exd5 Nxd5 12.
Bd4 e5 13. Bc5 Re8 14. Ne4 Be6 15. Bc4 Nc7 16. Bxe6 Nxe6 17. Be3 f5 18. Nd6 Re7 19. Nc4 Qc7 20. Qd6 Rd8 21. Qxc7 Rxc7 22.
Rxd8+ Nxd8 23. Rd1 Ne6 24. Rd6 Kf7 25. Na5 c5 26. Ra6 f4 27. Bf2 Nd8 28. Rd6 Ke7 29. Rd5 Ne6 30. c3 Kf6 31.
Nc4 Kf5 32. Nd2 h5 33. b3 g5 34. Ne4 Bf8 35. h3 h4 36. Kd2 Be7 37. Kd3 Kg6 38.
Kc4 Kf5 39. Nxc5 Nxc5 40. Bxc5 Bxc5 41. Rxc5 Rxc5+ 42. Kxc5 e4 43. fxe4 Kxe4 44. c4 g4 45. hxg4 h3 46. gxh3 f3 47. Kd6 f2 48. c5 f1=Q 49. c6 Qf6+ 50. Kd7 Qd4+ 51. Kc8 Qh8+ 52.
Kb7 Qxh3 53. c7 Qh7 54. Kb8 Qh2 55. Kb7 Qh7 56. g5 Kf5 57. Kb8 Qh2 58. Kb7 1/2-1/2



[ePGN "0.1;DGT LiveChess/2.2.6"]

[Event "MČR juniorů a juniorek v rapid šachu 2024"]
[Site "Hotel Fit Fun, Harrachov, Czech Republic"]
[Date "2024.09.21"]
[Round "5.23"]
[White "Lebeda, FrantiĹˇek JiĹ™Ă­"]
[Black "Rybacek Martin"]
[Result "0-1"]
[TimeControl "20+5"]
[BlackFideId "23739266"]
[WhiteElo "1000"]
[BlackElo "1831"]

1. e4 c6 2. c4 d5 3. cxd5 cxd5 4. exd5 Nf6 5. Nc3 Nxd5 6. Nf3 Nc6 7. Be2 g6 8. O-O Bg7 9. Qb3 Nxc3 10.
dxc3 O-O 11. Be3 Qc7 12. h3 Be6 13. Qc2 Rfd8 14. Rad1 Bf5 15. Bd3 Rxd3 16. Rxd3 Nb4 0-1



[ePGN "0.1;DGT LiveChess/2.2.6"]

[Event "MČR juniorů a juniorek v rapid šachu 2024"]
[Site "Hotel Fit Fun, Harrachov, Czech Republic"]
[Date "2024.09.21"]
[Round "5.24"]
[White "Dobsa Emma"]
[Black "Vyslysel Petr"]
[Result "0-1"]
[TimeControl "20+5"]
[WhiteFideId "23709391"]
[BlackFideId "23730277"]
[WhiteElo "1830"]
[BlackElo "1678"]

1. e4 e6 2. d4 d5 3. Bd3 c5 4.
exd5 exd5 5. dxc5 Bxc5 6. Nc3 Be6 7. Nf3 Nc6 8. O-O Nf6 9. Bg5 O-O 10. Qd2 h6 11. Bh4 Rc8 12. Rad1 Bb4 13.
a3 Ba5 14. Be2 d4 15. Qf4 Bxc3 16. bxc3 Nd5 17. Qd2 dxc3 18. Bxd8 cxd2 19. Bh4 Nc3 20. Rxd2 Nxe2+ 21. Rxe2 Bc4 22. Re4 Bxf1 23. Kxf1 Rfe8 24.
Rg4 g5 25. Bg3 f5 26. Rc4 f4 27. h4 fxg3 28. hxg5 hxg5 29. Rg4 gxf2 30. Rxg5+ Kf7 31. Kxf2 Rg8 32. Rf5+ Ke6 33. Rb5 b6 34. Ng5+ Kd7 35. Rd5+ Ke7 36.
Ne4 Rcf8+ 37. Kg1 Ke6 38. Rh5 Ne5 39. Rh7 Nf3+ 40. Kh1 Rh8 41. gxf3 Rxh7+ 42. Kg2 Rg8+ 43. Kf1 Rh1+ 44. Ke2 Rg2+ 45. Kd3 Rd1+ 46. Kc3 Rf1 47.
Nd2 Rxd2 0-1



[ePGN "0.1;DGT LiveChess/2.2.6"]

[Event "MČR juniorů a juniorek v rapid šachu 2024"]
[Site "Hotel Fit Fun, Harrachov, Czech Republic"]
[Date "2024.09.21"]
[Round "5.25"]
[White "Slivova Linda"]
[Black "Siles Jan"]
[Result "0-1"]
[TimeControl "20+5"]
[WhiteFideId "23709294"]
[BlackFideId "23715405"]
[WhiteElo "1630"]
[BlackElo "1873"]

1. e4 c5 2. Nc3 d6 3. g3 Nf6 4. Bg2 Nc6 5. d3 g6 6. h3 Bg7 7. Be3 Bd7 8. Qd2 Nd4 9. Nd1 Bc6 10.
c3 Ne6 11. f4 Nd7 12. Nf3 Nc7 13. O-O d5 14. e5 e6 15. d4 Qe7 16. Kh2 O-O-O 17. dxc5 Nxc5 18. Nd4 f6 19. exf6 Bxf6 20.
Nxc6 bxc6 21. b4 Ne4 22. Bxe4 dxe4 23. Qc2 Rd3 24. Bc5 Qd7 25. Rf2 Na6 26. Nb2 Nxc5 27. bxc5 Rxc3 28. Qxe4 Rxc5 29.
Nd3 Rd5 30. Nb4 Bxa1 31. Nxd5 exd5 32. Qb1 Bd4 33. Rc2 Re8 34. Qb4 Bb6 35. a4 Qc7 36. Qc3 Re6 37. Qh8+ Kb7 38. Qg8 Qe7 39.
Rb2 Re2+ 40. Rxe2 Qxe2+ 41. Kh1 Qf1+ 42. Kh2 Qg1# 0-1



[ePGN "0.1;DGT LiveChess/2.2.6"]

[Event "MČR juniorů a juniorek v rapid šachu 2024"]
[Site "Hotel Fit Fun, Harrachov, Czech Republic"]
[Date "2024.09.21"]
[Round "5.26"]
[White "Budil Vaclav"]
[Black "Stara Zuzana"]
[Result "1/2-1/2"]
[TimeControl "20+5"]
[WhiteFideId "23776226"]
[BlackFideId "23733543"]
[WhiteElo "1697"]
[BlackElo "1796"]

1. e4 c6 2. d4 d5 3. e5 Bf5 4. Nf3 e6 5. Be2 Nd7 6.
O-O a5 7. Be3 a4 8. a3 Ne7 9.
c4 h6 10. Nc3 Bh7 11. cxd5 exd5 12. Nxa4 Nf5 13. Nc3 Be7 14. Bd3 O-O 15. Qc2 g6 16. Bxf5 gxf5 17. Bxh6 Re8 18. Qd2 Nf8 19. Bg5 Ne6 20. Bxe7 Qxe7 21.
Rfe1 Kh8 22. Qh6 Rg8 23. Qh4 Qxh4 24. Nxh4 Nxd4 25. Rad1 Rg4 26. g3 Rxh4 27. gxh4 Nf3+ 28. Kg2 Nxe1+ 29. Rxe1 Re8 30. Kf3 Kg7 31. Kf4 Kh6 32. Ne2 Ra8 33.
Kg3 Ra4 34. f3 Ra8 35. Nf4 Rg8+ 36. Kf2 Re8 37. e6 fxe6 38. Rxe6+ Rxe6 39. Nxe6 b6 40. Kg3 c5 41. Kf4 d4 42. Nf8 c4 43. Ne6 d3 44. Ke3 Kh5 45. b3 Bg8 46. Nf4+ Kxh4 47. bxc4 Bxc4 48. Nxd3 Kh3 49. Kd4 b5 50. Nb2 Be2 51. Ke3 Bf1 52. Kf4 Be2 53. Ke3 Bf1 54.
Kf2 Bg2 55. Nd3 Kxh2 56. Nf4 Bh3 57.
Ne2 Bg2 58. Nf4 Bh3 1/2-1/2



[ePGN "0.1;DGT LiveChess/2.2.6"]

[Event "MČR juniorů a juniorek v rapid šachu 2024"]
[Site "Hotel Fit Fun, Harrachov, Czech Republic"]
[Date "2024.09.21"]
[Round "5.27"]
[White "Dorazilova Kristyna"]
[Black "Plzak David"]
[Result "1-0"]
[TimeControl "20+5"]
[WhiteFideId "23739142"]
[BlackFideId "23776234"]
[WhiteElo "1771"]
[BlackElo "1625"]

1. e4 c5 2. Nc3 Nc6 3.
Bb5 Nd4 4. Nf3 a6 5. Be2 g6 6. d3 Bg7 7. O-O d6 8. Be3 Nxe2+ 9. Qxe2 Nf6 10. Qd2 Ng4 11. Bf4 O-O 12. h3 Nf6 13. Bh6 Be6 14. Nh2 b5 15. Bxg7 Kxg7 16. f4 b4 17. Ne2 Qc8 18. Ng3 Rb8 19.
f5 Bd7 20. b3 a5 21. a4 Qc7 22. Ng4 Nxg4 23. hxg4 d5 24. Kf2 dxe4 25. dxe4 Rbd8 26. Qe3 Bc6 27. Rh1 Rh8 28. Qh6+ Kg8 29.
Rad1 Rd6 30. e5 Rd8 31. f6 1-0



[ePGN "0.1;DGT LiveChess/2.2.6"]

[Event "MČR juniorů a juniorek v rapid šachu 2024"]
[Site "Hotel Fit Fun, Harrachov, Czech Republic"]
[Date "2024.09.21"]
[Round "5.28"]
[White "Hudik Martin"]
[Black "Nespora Tatana"]
[Result "0-1"]
[TimeControl "20+5"]
[WhiteFideId "23769947"]
[BlackFideId "392286"]
[WhiteElo "1572"]
[BlackElo "1697"]

1. e4 c5 2. Nf3 Nc6 3. d4 cxd4 4. Nxd4 Nf6 5. Nc3 e5 6. Ndb5 d6 7. Bg5 a6 8. Na3 b5 9. Nd5 Be7 10.
Bxf6 Bxf6 11. c4 b4 12. Nc2 a5 13. Be2 Bg5 14. O-O O-O 15. Ne1 Nb8 16. Nd3 Na6 17. f4 exf4 18. N3xf4 Nc5 19. Qc2 Rb8 20. b3 Bf6 21. Nxf6+ Qxf6 22. Kh1 Qd4 23. Bf3 Bb7 24. Nd5 Rbe8 25. Rad1 Qe5 26. Rfe1 f5 27. Re3 fxe4 28.
Nc7 Re7 29. Nd5 Ref7 30. Kg1 Bxd5 31. Rxd5 Qf4 32. Qd2 exf3 33. Rd4 f2+ 0-1



[ePGN "0.1;DGT LiveChess/2.2.6"]

[Event "MČR juniorů a juniorek v rapid šachu 2024"]
[Site "Hotel Fit Fun, Harrachov, Czech Republic"]
[Date "2024.09.21"]
[Round "5.29"]
[White "Martinkovicova Nela"]
[Black "Boff Vojtech"]
[Result "1-0"]
[TimeControl "20+5"]
[WhiteFideId "23715596"]
[BlackFideId "23733969"]
[WhiteElo "1446"]
[BlackElo "1719"]

1. e4 c5 2. c4 Nc6 3. Nc3 d6 4. d3 g6 5. g3 Bg7 6. Bg2 Nf6 7. Nge2 O-O 8. Bg5 h6 9. Be3 Nd7 10. O-O f5 11. f4 fxe4 12. Bxe4 Kh7 13.
f5 gxf5 14. Bxf5+ Kh8 15. Qd2 Rf6 16. Be4 e6 17. Rxf6 Qxf6 18. Rf1 Qe7 19. Bxh6 Nf6 20. Qg5 Nxe4 21. Bxg7+ Qxg7 22. Qh4+ Kg8 23. Nxe4 Bd7 24. Nf6+ 1-0



[ePGN "0.1;DGT LiveChess/2.2.6"]

[Event "MČR juniorů a juniorek v rapid šachu 2024"]
[Site "Hotel Fit Fun, Harrachov, Czech Republic"]
[Date "2024.09.21"]
[Round "5.3"]
[White "Jun Rudolf"]
[Black "Sichrovsky Tomas"]
[Result "1/2-1/2"]
[TimeControl "20+5"]
[WhiteFideId "376612"]
[BlackFideId "23704730"]
[WhiteElo "2142"]
[BlackElo "1928"]

1. e4 c6 2. d4 d5 3. exd5 cxd5 4.
Bd3 Nc6 5. c3 Nf6 6. Nf3 g6 7. O-O Bf5 8. Re1 Bxd3 9. Qxd3 Bg7 10. h3 O-O 11. Bf4 a6 12.
Nbd2 b5 13. Ne5 Na5 14. a4 Qb6 15. b4 Nc4 16. Ndxc4 bxc4 17. Qe3 Ra7 18. Ng4 Ne4 19. Rad1 Qc6 20. Ra1 Qb6 21. Rad1 Qc6 22.
a5 Re8 23. f3 Nd6 24. Bxd6 Qxd6 25. Ne5 e6 26. Ng4 h5 27. Ne5 Kh7 28. f4 f6 29. Nf3 Rae7 30. g4 Bh6 31. g5 fxg5 32.
Nxg5+ Bxg5 33. fxg5 e5 34. Qg3 Qc7 35. dxe5 Rxe5 36. Rxe5 Qxe5 37. Qxe5 Rxe5 38. Kf2 Kg7 39. b5 axb5 40.
Rb1 d4 41. cxd4 Rxg5 42. a6 b4 43.
Rxb4 Ra5 44. Rb6 Kf7 45. Ke2 Ra3 46. h4 Rh3 47. Rb8 Ra3 48. Rb6 Rh3 49. Rb7+ Ke6 50. a7 Ra3 51. Rg7 Kf6 52. Rc7 Ke6 53. Kd2 Kd5 54. Rd7+ Ke4 55. Kc2 Kf5 56. Kb2 Ra6 57. Kc3 Ke6 58. Rg7 Kd5 59. Rd7+ Ke6 60. Rb7 Kd5 61. Rg7 Ra1 62.
Rd7+ Kc6 63. Re7 Kd6 64. Rg7 Kd5 65. Rxg6 Rxa7 66. Rg5+ Ke4 67. Rxh5 Ra3+ 68. Kxc4 Ra4+ 69. Kc3 Rxd4 70. Rc5 Rd3+ 71. Kc4 Rh3 72. Kb5 Kf4 73. Rc4+ Kf5 74. Kc6 Kg6 75. Kd6 Kh5 76.
Ke5 Rxh4 77. Rc8 Kg4 78. Ke4 1/2-1/2



[ePGN "0.1;DGT LiveChess/2.2.6"]

[Event "MČR juniorů a juniorek v rapid šachu 2024"]
[Site "Hotel Fit Fun, Harrachov, Czech Republic"]
[Date "2024.09.21"]
[Round "5.30"]
[White "Kopecka Anna"]
[Black "Pes Matej"]
[Result "0-1"]
[TimeControl "20+5"]
[WhiteFideId "23767740"]
[BlackFideId "23766816"]
[WhiteElo "1431"]
[BlackElo "1697"]

1. d4 Nf6 2. Nf3 d5 3. e3 Bf5 4. Bd3 Bxd3 5. Qxd3 e6 6. Nbd2 Nbd7 7. b3 c5 8. Bb2 Be7 9. O-O O-O 10.
Ne5 Nxe5 11. dxe5 Nd7 12. f4 a6 13. Rf3 b5 14. Rh3 g6 15. Rf1 c4 16. Qe2 Rc8 17. Bd4 Qa5 18. Nf3 cxb3 19.
cxb3 Nc5 20. Bxc5 Rxc5 21. Nh4 Rfc8 22. Nf3 Rc2 23. Qe1 Qxa2 24. Nh4 Qxb3 25. Rhf3 a5 26. e4 R8c3 27. Rxc3 Qxc3 28.
Qxc3 Rxc3 29. g3 a4 0-1



[ePGN "0.1;DGT LiveChess/2.2.6"]